 Dungeon Crawl Stone Soup version 0.23.2-33-g5129a83184 (webtiles) character file.

Game seed: 10060798864662881207

728 DildoBatman the Sneak (level 8, -1/52 HPs)
             Began as a Formicid Wizard on Aug 12, 2019.
             Was a Follower of Ashenzari.
             Slain by a hound (3 damage)
             ... on level 6 of the Dungeon.
             The game lasted 00:27:21 (6094 turns).

DildoBatman the Sneak (Formicid Wizard)             Turns: 6094, Time: 00:27:21

Health: -1/52      AC:  2    Str: 14    XL:     8   Next: 3%
Magic:  14/14      EV: 12    Int: 20    God:    Ashenzari [*.....]
Gold:   261        SH:  0    Dex: 11    Spells: 6/13 levels left

rFire    . . .     SeeInvis +   a - +3 halberd
rCold    . . .     Gourm    .   (no shield)
rNeg     . . .     Faith    .   j - +0 robe
rPois    +         Spirit   .   (helmet unavailable)
rElec    .         Reflect  .   (no cloak)
rCorr    .         Harm     .   (no gloves)
MR       .....                  (no boots)
Stlth    +++.......             f - amulet "Badghug" {+Rage Str+2 Dex+2}
HPRegen  0.17/turn              h - +4 ring of slaying
MPRegen  0.14/turn              (no ring)

@: no status effects
A: permanent stasis, dig shafts and tunnels, four strong arms, antennae 3, high
mp 1, mutation resistance 1, poison resistance
a: Dig, Shaft Self, Curse Item, Scrying, Renounce Religion


You were on level 6 of the Dungeon.
You worshipped Ashenzari.
Ashenzari was aware of your devotion.
You were not hungry.

You visited 2 branches of the dungeon, and saw 7 of its levels.
You also visited: Ossuary.

You collected 261 gold pieces.

Inventory:

Hand Weapons
 a - a +3 halberd (weapon)
Missiles
 b - 69 bolts
 e - 77 stones (quivered)
 i - 106 arrows
 n - 17 poisoned needles
Armour
 j - a +0 robe (worn)
 w - the +5 ring mail "Sosa" {rN+ Dex+4 Slay-5}
   (You found it on level 4 of the Dungeon)

   It affects your dexterity (+4).
   It affects your accuracy and damage with ranged weapons and melee attacks
   (-5).
   It protects you from negative energy.
Magical Staves
 p - an uncursed staff of summoning
Jewellery
 f - the amulet "Badghug" (around neck) {+Rage Str+2 Dex+2}
   (You found it on level 5 of the Dungeon)

   [amulet of rage]

   It affects your strength (+2).
   It affects your dexterity (+2).
   It lets you go berserk.
 h - a +4 ring of slaying (left hand)
Scrolls
 d - 3 scrolls of enchant weapon
 g - a scroll of torment {unknown}
 o - 2 scrolls of amnesia
 q - 3 scrolls of enchant armour
 x - 4 scrolls of remove curse
Potions
 c - a potion of degeneration {unknown}
 l - 3 potions of agility
 r - a potion of cancellation {unknown}
 s - a potion of flight {unknown}
 t - a potion of magic {unknown}
Comestibles
 v - 9 rations


   Skills:
 - Level 1.0 Polearms
 - Level 1.7 Dodging
 * Level 5.5 Stealth
 - Level 3.2 Spellcasting
 * Level 5.3 Conjurations
   Level 1.0 Summonings
   Level 0.8 Translocations
 - Level 3.3 Fire Magic
 * Level 0.7 Air Magic
 * Level 1.4 Poison Magic


You had 6 spell levels left.
You knew the following spells:

 Your Spells              Type           Power        Failure   Level  Hunger
a - Conjure Flame         Conj/Fire      ###.....     7%          3    ###....
c - Magic Dart            Conj           ###.         1%          1    None
e - Mephitic Cloud        Conj/Pois/Air  ##......     16%         3    ###....

Your spell library contained the following spells:

 Spells                   Type           Power        Failure   Level  Hunger
 Call Imp                 Summ           #.......     14%         2    ##.....
 Slow                     Hex            #.......     22%         2    ##.....
 Blink                    Tloc           Unusable     N/A         2    N/A

Dungeon Overview and Level Annotations

Branches:
Dungeon (6/15)             Temple (1/1) D:5

Altars:
Ashenzari
Cheibriados
Dithmenos
Elyvilon
Fedhas
Hepliaklqana
Makhleb
Nemelex Xobeh
Qazlal
Ru
Sif Muna
Trog
Vehumet
Xom
Yredelemnul
Zin
The Shining One

Annotations:
D:3 exclusion: phantom, Ijyb
D:4 1 exclusion
D:5 2 runed translucent doors, Edmund; PeSeC's ghost, novice MiFi; Pikel


Innate Abilities, Weirdness & Mutations

You cannot be hasted, slowed, berserked, paralysed or teleported.
You can dig through walls and to a lower floor.
Your four strong arms can wield two-handed weapons with a shield.
You have a pair of large antennae on your head. (SInv)
You have an increased reservoir of magic. (+10% MP)
You are somewhat resistant to further mutation.
Your system is resistant to poisons. (rPois)


Message History

t - Shout!
Orders for allies: a - Attack new target. r - Retreat! s - Stop attacking. g - Guard the area. f - Follow me.
Anything else - Cancel.
You shout for attention!
The hound closely misses you. The bullfrog barely misses you.
The orc hits you with a +0 short sword! The hound bites you.
What are your orders? t - Shout!
Orders for allies: a - Attack new target. r - Retreat! s - Stop attacking. g - Guard the area. f - Follow me.
Anything else - Cancel.
You shout for attention!
The bullfrog hits you but does no damage.
The hound bites you.
You die...

{#..# #...##.......#
{#######..#####...".....##..
##..P..P.#....(.....[...##.#
........................##.#
..###...##(.......$.....##.#
...#.#.#
######...##.##.##.###
.......# #.h.....h......#
.##.##.# #.oh#####.####.##.#
....##. #.@.# #.h..h....#
.#### #..F# ######.....
.#####. ##$## #..### .......
#o# #h.# ###### #.# #... #
... ##.## # #.. .. # ..# ##
#


You could see a black bear, a bullfrog, a hound and 2 orcs.

Vanquished Creatures
  2 slaves
  2 elf zombies (Ossuary)
  A scorpion (D:4)
  A howler monkey (D:4)
  3 centaur zombies (Ossuary)
  A hound (D:2)
  2 human zombies (Ossuary)
  An iguana (D:5)
  3 worker ants
  A hound zombie (D:5)
  3 mummies (Ossuary)
  5 adders
  3 gnolls (D:5)
  3 oozes
  2 adder zombies (Ossuary)
  4 adder skeletons
  2 worms
  3 dart slugs
  A leopard gecko (D:1)
  4 orcs (D:3)
  A giant cockroach (D:1)
  5 goblins
  10 hobgoblins
  A jackal (D:3)
  A quokka (D:4)
  2 ball pythons (D:3)
  8 bats
  4 frilled lizards
  A gnoll zombie (Ossuary)
  3 goblin zombies (Ossuary)
  4 hobgoblin zombies (Ossuary)
  3 jackal zombies (Ossuary)
  8 kobolds
  5 kobold zombies (Ossuary)
  A leopard gecko skeleton (D:5)
  3 orc zombies (Ossuary)
  5 quokka zombies (Ossuary)
  6 rats
  3 rat zombies (Ossuary)
121 creatures vanquished.

Notes
Turn   | Place    | Note
-------+----------+-------------------------------------------
     0 | D:1      | DildoBatman the Formicid Wizard began the quest for the
                  | Orb.
     0 | D:1      | Reached XP level 1. HP: 13/13 MP: 4/4
    44 | D:1      | Reached skill level 1 in Conjurations
   307 | D:1      | Reached XP level 2. HP: 19/19 MP: 3/6
   647 | D:1      | Reached XP level 3. HP: 12/24 MP: 3/7
   652 | D:1      | Learned a level 3 spell: Conjure Flame
   656 | D:1      | Learned a level 3 spell: Mephitic Cloud
  1147 | D:2      | Found a shattered altar of Ashenzari.
  1157 | D:2      | Became a worshipper of Ashenzari the Shackled
  1252 | D:2      | Found a burning altar of Makhleb.
  1260 | D:2      | Reached XP level 4. HP: 22/30 MP: 5/8
  1564 | D:2      | Found a shadowy altar of Dithmenos.
  1922 | D:2      | Reached XP level 5. HP: 35/35 MP: 5/9
  2005 | D:2      | Found a sacrificial altar of Ru.
  2557 | D:3      | Noticed a phantom
  2807 | D:3      | Found a glowing golden altar of the Shining One.
  2828 | D:3      | Reached * piety under Ashenzari
  2919 | D:4      | Noticed Ijyb
  3300 | D:4      | Got the uncursed ring mail "Sosa" {rN+ Dex+4 Slay-5}
  3325 | D:4      | Identified the +5 ring mail "Sosa" {rN+ Dex+4 Slay-5} (You
                  | found it on level 4 of the Dungeon)
  3751 | D:5      | Entered Level 5 of the Dungeon
  3912 | D:5      | Found a runed translucent door.
  3917 | D:5      | Noticed PeSeC's ghost (novice MiFi)
  3955 | D:5      | Reached skill level 5 in Stealth
  3955 | D:5      | Reached XP level 6. HP: 15/41 MP: 6/10
  4014 | D:5      | Found a sand-covered staircase.
  4051 | Ossuary  | Entered an ossuary
  4079 | Ossuary  | Reached skill level 1 in Fire Magic
  4344 | Ossuary  | Reached XP level 7. HP: 24/46 MP: 4/11
  4477 | Ossuary  | Reached skill level 5 in Conjurations
  4700 | D:5      | Found a deep blue altar of Sif Muna.
  4846 | D:5      | Found a basalt altar of Yredelemnul.
  4876 | D:5      | Identified the amulet "Badghug" {+Rage Str+2 Dex+2}
  4881 | D:5      | Found a staircase to the Ecumenical Temple.
  4891 | D:5      | Gained mutation: You have an increased reservoir of magic.
                  | (+10% MP) [potion of mutation]
  4891 | D:5      | Gained mutation: You are somewhat resistant to further
                  | mutation. [potion of mutation]
  4892 | D:5      | Lost mutation: You are somewhat resistant to further
                  | mutation. [potion of mutation]
  4892 | D:5      | Gained mutation: Your system is resistant to poisons.
                  | (rPois) [potion of mutation]
  4892 | D:5      | Gained mutation: You are somewhat resistant to further
                  | mutation. [potion of mutation]
  5005 | D:5      | Noticed Pikel
  5043 | Temple   | Entered the Ecumenical Temple
  5362 | D:4      | Reached skill level 1 in Poison Magic
  5589 | D:5      | Found a runed translucent door.
  5689 | D:4      | Noticed Edmund
  5985 | D:6      | Reached XP level 8. HP: 52/52 MP: 10/14
  6001 | D:6      | Reached skill level 1 in Polearms
  6059 | D:6      | Identified the amulet of the Madman {Acrobat rElec Str+2}
  6093 | D:6      | HP: 2/52 [hound (2)]
  6094 | D:6      | Slain by a hound

Skill      XL: |  1  2  3  4  5  6  7  8 |
---------------+-------------------------+-----
Conjurations   | 1 2 3 4 5 |  5.3
Stealth        | 3 4 5 |  5.5
Fire Magic     | 2 3 |  3.3
Poison Magic   | 1 |  1.4
Polearms       | 1 |  1.0
Dodging        | |  1.7
Spellcasting   | |  3.2
Summonings     | |  1.0
Translocations | |  0.8
Air Magic      | |  0.7

Action                   |  1- 3 |  4- 6 |  7- 9 || total
-------------------------+-------+-------+-------++-------
Melee: Club              |    21 |       |       ||    21
       Short sword       |     8 |     9 |       ||    17
       Dagger            |       |   100 |    27 ||   127
       Halberd           |       |       |    25 ||    25
Throw: Stone             |       |     5 |       ||     5
 Cast: Magic Dart        |    50 |    82 |    17 ||   149
       Conjure Flame     |       |    12 |     6 ||    18
       Mephitic Cloud    |       |     1 |    17 ||    18
 Abil: Dig               |       |     8 |    15 ||    23
  Use: Scroll            |       |     6 |     5 ||    11
       Potion            |       |       |     4 ||     4
 Stab: Sleeping          |     3 |     1 |     1 ||     5
       Confused          |       |     2 |     4 ||     6
  Eat: Chunk             |     1 |     6 |     4 ||    11
       Ration            |       |     1 |     2 ||     3
Armor: Robe              |     7 |     6 |    12 ||    25
       Ring mail         |       |    18 |       ||    18
       Skin              |       |     1 |       ||     1
Dodge: Dodged            |    25 |    74 |    57 ||   156
